 Dungeon Crawl Stone Soup version 0.27-a0-1191-g601b473118 (webtiles) character file.

Game seed: 14876254130109105173

5625 robertstho the Thaumaturge (level 11, -6/68 HPs)
             Began as a Djinni Fire Elementalist on May 24, 2021.
             Was an Initiate of Gozag.
             Mangled by a wyvern (16 damage)
             ... on level 10 of the Dungeon.
             The game lasted 00:15:52 (13008 turns).

robertstho the Thaumaturge (DjFE)                  Turns: 13008, Time: 00:15:53

Health: -6/68      AC:  6    Str:  7    XL:     11   Next: 3%
Gold:   390        EV: 13    Int: 30    God:    Gozag SH:  0 Dex: 13

rFire    + + .     SeeInvis .   n - +0 short sword (elec)
rCold    . . .     Faith    .   (no shield)
rNeg     . . .     Spirit   .   a - +0 robe
rPois    ∞         Reflect  .   J - +2 helmet
rElec    +         Harm     .   g - +0 cloak
rCorr    .         Rampage  .   (no gloves)
Will     ++...                  (boots unavailable)
Stlth    ++........             (no amulet)
HPRegen  0.21/turn              C - ring of the Final Chapter {rElec rC+ Will+ Int+3 Stlth-}
MPRegen  0.00/turn              k - +6 ring of intelligence

@: flying
A: sickness immunity, fire resistance 2, cold vulnerability 1, float, innate
caster, hp casting, extra vitality 1
a: Renounce Religion, Potion Petition, Call Merchant, Bribe Branch


You were on level 10 of the Dungeon.
You worshipped Gozag.
Gozag was aware of your devotion.
You visited 2 branches of the dungeon, and saw 11 of its levels.

You collected 1023 gold pieces.
You spent 534 gold pieces at shops.
You paid 99 gold pieces to Gozag.

Inventory:

Hand Weapons
 h - a +5 dagger
 n - a +0 short sword of electrocution (weapon)
 y - a +6 dire flail of protection
 O - a +3 scimitar of flaming
Armour
 a - a +0 robe (worn)
 g - a +0 cloak (worn)
 z - +0 acid dragon scales
 F - a +0 kite shield
 J - a +2 helmet (worn)
Jewellery
 e - a +4 ring of slaying
 k - a +6 ring of intelligence (right hand)
 m - a +4 ring of evasion
 x - a ring of resist corrosion
 C - the ring of the Final Chapter (left hand) {rElec rC+ Will+ Int+3 Stlth-}
   (You acquired it on level 7 of the Dungeon)

   [ring of protection from cold]

   It affects your intelligence (+3).
   It protects you from cold.
   It insulates you from electricity.
   It increases your willpower.
   It makes you less stealthy.
Wands
 B - a wand of iceblast (13)
 I - a wand of charming (6)
 K - a wand of flame (21)
 L - a wand of paralysis (4)
 N - a wand of acid (11)
Scrolls
 b - a scroll of enchant weapon {unknown}
 i - 2 scrolls of fear {unknown}
 j - 2 scrolls of summoning {unknown}
 o - 2 scrolls of amnesia {unknown}
 p - a scroll of torment {unknown}
 r - 3 scrolls of enchant armour
 w - 4 scrolls of teleportation {unknown}
 A - a scroll of fog {unknown}
 D - 2 scrolls of identify
 G - 3 scrolls of brand weapon {unknown}
 M - a scroll of vulnerability {unknown}
Potions
 c - 4 potions of attraction
 d - 3 potions of cancellation {unknown}
 f - 4 potions of curing {unknown}
 l - 3 potions of invisibility {unknown}
 q - a potion of might {unknown}
 s - 2 potions of ambrosia {unknown}
 t - 2 potions of haste {unknown}
 u - 2 potions of berserk rage {unknown}
 v - 2 potions of brilliance
 E - 2 potions of lignification {unknown}
 H - a potion of flight {unknown}


   Skills:
 + Level 1.7 Fighting
 + Level 1.7 Short Blades
 + Level 4.3 Dodging
 + Level 5.2 Stealth
 + Level 10.9 Spellcasting


You had 2 spell levels left.
You knew the following spells:

 Your Spells              Type           Power      Damage    Failure   Level
a - Foxfire               Conj/Fire      100%       2x1d9     1%          1
b - Conjure Flame         Conj/Fire      70%        6-21      1%          3
c - Inner Flame           Hex/Fire       70%        N/A       1%          3
d - Sticky Flame          Conj/Fire      70%        2d8       1%          4
e - Fireball              Conj/Fire      35%        3d15      1%          5
f - Corona                Hex            77%        N/A       1%          1
g - Corpse Rot            Necr/Air       N/A        N/A       1%          2
h - Wereblood             Tmut           70%        N/A       1%          2
i - Airstrike             Air            35%        N/A       1%          4
j - Leda's Liquefaction   Hex/Erth       35%        N/A       1%          4
Your spell library was empty.

Dungeon Overview and Level Annotations

Branches:
Dungeon (10/15)            Temple (1/1) D:5
   Lair: D:8-11         Orc: D:9-12

Altars:
Ashenzari
Cheibriados
Dithmenos
Elyvilon
Fedhas
Gozag
Hepliaklqana
Kikubaaqudgha
Makhleb
Nemelex Xobeh
Okawaru
Qazlal
Uskayaw
Vehumet
Xom
Yredelemnul
Zin
The Shining One

Shops:
D:7 [*   D:8 *

Annotations:
D:10 exclusion: ice statue


Innate Abilities, Weirdness & Mutations

You are immune to sickness and miasma.
You are immune to poison.
Your flesh is very heat resistant. (rF++)
You are vulnerable to cold. (rC-)
You float through the air rather than walking.
You learn spells naturally, not from books.
Your magical power is your life essence.
You have superior vitality. (+4 HP)


Message History

Casting: Fireball (dangerous; 1% risk of failure)
Confirm with . or Enter, or press ? or * to list all spells.
The fire begins to smoulder!
* * * LOW HITPOINT WARNING * * *
The fire ignites!
You see here 9 gold pieces.
You now have 390 gold pieces (gained 9).
You start resting.
An ice beast is nearby!
Casting: Conjure Flame (safe; 1% risk of failure)
Confirm with . or Enter, or press ? or * to list all spells.
Aiming: Fireball (dangerous; 1% risk of failure)
Press: ? - help, Shift-Dir - straight line, f - you That beam is likely to hit you.
Continue anyway?
Okay, then.
Casting: Fireball (dangerous; 1% risk of failure)
Confirm with . or Enter, or press ? or * to list all spells.
Aiming: Fireball (dangerous; 1% risk of failure)
Press: ? - help, Shift-Dir - straight line The fireball explodes!
The fireball engulfs the ice beast!!!
The ice beast melts!
You kill the ice beast!
* * * LOW HITPOINT WARNING * * *
Unknown command.
Casting: Fireball (dangerous; 1% risk of failure)
Confirm with . or Enter, or press ? or * to list all spells.
Okay, then.
Found 14 gold pieces.
Found a stone staircase leading down.
Casting: Fireball (dangerous; 1% risk of failure)
Confirm with . or Enter, or press ? or * to list all spells.
The fire begins to smoulder!
* * * LOW HITPOINT WARNING * * *
The fire ignites!
A wyvern comes into view.
There is a stone staircase leading down here.
The wyvern bites you!
* * * LOW HITPOINT WARNING * * *
The wyvern bites you!
You die...
Your body crumbles into a pile of gold.

.......... #..?......
#$........ #########
#!........ .......
.........[ .....
.......<.. ...#
########## #$.# #@l#
#.># #..# ######..#
........###############
........§....Y.........
#####..################
#..# #..


You could see a wyvern.

Vanquished Creatures
  Erica (D:9)
  A troll (D:8)
  2 hornets (D:8)
  Prince Ribbit (D:6)
  2 wyverns
  Sigmund (D:4)
  A wraith (D:9)
  Edmund (D:4)
  An acid dragon (D:5)
  3 water moccasins
  3 orc warriors
  A black bear (D:6)
  An ice beast (D:5)
  2 sky beasts
  3 ogres
  2 centaurs
  2 phantoms (D:5)
  3 bullfrogs (D:7)
  5 scorpions
  A wyvern skeleton (D:7)
  6 killer bees
  3 wights (D:8)
  A bullfrog zombie (D:6)
  6 centaur zombies
  A centaur skeleton (D:6)
  4 orc priests
  A hound (D:7)
  A jelly (D:5)
  Natasha (D:2)
  4 orc wizards
  A statue (D:9)
  A hound zombie (D:5)
  2 hound skeletons
  9 adders
  8 gnolls
  2 worms (D:2)
  2 dart slugs
  28 orcs
  11 endoplasms
  3 giant cockroaches
  10 goblins
  5 hobgoblins
  6 jackals
  4 quokkas
  9 ball pythons
  9 bats
  6 frilled lizards
  8 kobolds
  8 rats
  A butterfly (D:5)
198 creatures vanquished.

Vanquished Creatures (others)
  A human (D:8)
  597 foxfires
598 creatures vanquished.

Grand Total: 796 creatures vanquished

Notes
Turn   | Place    | Note
-------+----------+-------------------------------------------
     0 | D:1      | robertstho the Djinni Fire Elementalist began the quest for
                  | the Orb.
     0 | D:1      | Reached XP level 1. HP: 15/15 MP: 0/0
   430 | D:1      | Reached XP level 2. HP: 17/21 MP: 0/0
  1063 | D:1      | Reached skill level 3 in Spellcasting
  1155 | D:1      | Reached XP level 3. HP: 22/25 MP: 0/0
  1155 | D:1      | Learned a level 1 spell: Corona
  1672 | D:2      | Noticed a scorpion
  1680 | D:2      | Killed a scorpion
  1681 | D:2      | Reached XP level 4. HP: 21/31 MP: 0/0
  1931 | D:2      | Reached XP level 5. HP: 31/35 MP: 0/0
  1931 | D:2      | Learned a level 2 spell: Corpse Rot
  2069 | D:2      | Reached skill level 4 in Spellcasting
  2151 | D:2      | You are sucked into a shaft and drop 2 floors!
  2292 | D:4      | Noticed an ogre
  2299 | D:4      | Killed an ogre
  2300 | D:4      | Reached XP level 6. HP: 18/40 MP: 0/0
  2303 | D:4      | Reached skill level 5 in Spellcasting
  2376 | D:4      | Noticed Sigmund
  2704 | D:3      | Found a faded altar of an unknown god.
  3029 | D:3      | Found a burning altar of Makhleb.
  3625 | D:2      | Reached XP level 7. HP: 43/45 MP: 0/0
  3625 | D:2      | Learned a level 2 spell: Wereblood
  4279 | D:2      | Noticed Natasha
  4286 | D:2      | Killed Natasha
  5046 | D:4      | Noticed Edmund
  5356 | D:4      | Found a blossoming altar of Fedhas.
  5414 | D:4      | Killed Sigmund
  5415 | D:4      | Reached skill level 6 in Spellcasting
  5446 | D:4      | Killed Edmund
  5447 | D:4      | Reached XP level 8. HP: 33/50 MP: 0/0
  5642 | D:4      | Noticed a wyvern
  5654 | D:4      | Killed a wyvern
  6279 | D:5      | Entered Level 5 of the Dungeon
  6293 | D:5      | Reached skill level 7 in Spellcasting
  7002 | D:5      | Found a shadowy altar of Dithmenos.
  7103 | D:5      | Reached XP level 9. HP: 41/55 MP: 0/0
  7103 | D:5      | Learned a level 4 spell: Airstrike
  7253 | D:5      | Found a staircase to the Ecumenical Temple.
  7261 | Temple   | Entered the Ecumenical Temple
  7375 | Temple   | Became a worshipper of Gozag Ym Sagoz the Greedy
  7469 | D:5      | Reached skill level 8 in Spellcasting
  8328 | D:6      | Noticed Prince Ribbit
  8334 | D:6      | Killed Prince Ribbit
  8487 | D:6      | Reached skill level 1 in Short Blades
  8860 | D:6      | Found a hazy altar of Hepliaklqana.
  8861 | D:6      | Found a faded altar of an unknown god.
  8940 | D:6      | Reached skill level 9 in Spellcasting
  8998 | D:6      | Found a basalt altar of Yredelemnul.
  9056 | D:6      | Found an iron altar of Okawaru.
  9160 | D:6      | Found a glowing golden altar of the Shining One.
  9167 | D:6      | Noticed a profane servitor
  9423 | D:6      | Noticed an angel
  9461 | D:7      | Reached skill level 1 in Fighting
  9526 | D:7      | Reached XP level 10. HP: 57/62 MP: 0/0
  9960 | D:7      | Found Cug Ete Rue's Antique Armour Shop.
 10195 | D:7      | Found Qapoijaf's Assorted Antiques.
 10200 | D:7      | Bought a shiny helmet for 142 gold pieces
 10214 | D:7      | Bought a scroll labelled CESKETTYAN for 33 gold pieces
 10214 | D:7      | Bought a runed brass wand for 132 gold pieces
 10214 | D:7      | Bought a scroll labelled CUHUHA FISMEYZ for 33 gold pieces
 10214 | D:7      | Bought a scroll labelled JOCIUK DE WYS for 33 gold pieces
 10214 | D:7      | Bought a scroll of identify for 66 gold pieces
 10214 | D:7      | Bought a scroll of identify for 66 gold pieces
 10214 | D:7      | Bought a fizzy red potion for 29 gold pieces
 10216 | D:7      | Identified a scroll of acquirement
 10219 | D:7      | Acquired the ring of the Final Chapter {rElec rC+ Will+
                  | Int+3 Stlth-}
 10732 | D:8      | Reached skill level 5 in Stealth
 10737 | D:8      | Reached skill level 10 in Spellcasting
 11463 | D:8      | Found Vuopsoif's Mass Market.
 11515 | D:8      | Found a stormy altar of Qazlal.
 12303 | D:9      | Noticed Erica
 12305 | D:9      | Killed Erica
 12576 | D:9      | Found a shimmering altar of Xom.
 12576 | D:9      | Found a shimmering altar of Xom.
 12576 | D:9      | Found a shimmering altar of Xom.
 12576 | D:9      | Found a shimmering altar of Xom.
 12576 | D:9      | Found a shimmering altar of Xom.
 12630 | D:9      | Found a shimmering altar of Xom.
 12651 | D:9      | Reached XP level 11. HP: 55/68 MP: 0/0
 12651 | D:9      | Learned a level 4 spell: Leda's Liquefaction
 12762 | D:9      | Found a shimmering altar of Xom.
 12949 | D:10     | Entered Level 10 of the Dungeon
 13008 | D:10     | Mangled by a wyvern

Illustrated notes

Levels and vault maps discovered:
D:1:      sevenhm_arrival_forest_fort_large_4, layout_basic, kennysheep_boxes
D:2:      minmay_razor_zed, layout_loops_ring, minmay_pentomino_z4, uniq_natasha
D:3:      layout_loops_ring, lemuel_doored_altar,
          hellmonk_ecumenical_altar_pennies_from_heaven
D:4:      layout_basic, lemuel_crystal_altar, minmay_misc_feat_tower,
          uniq_edmund, uniq_sigmund
D:5:      layout_basic, kennysheep_little_box, minmay_temple_entry_butterflies,
          mrwooster_statue_mirror, minmay_between
D:6:      layout_rooms, grunt_temple_overflow_holy_war,
          beargit_hepliaklqana_dungeon_heroes, kennysheep_okawaru_gauntlet,
          led_sif_pool, serial_bayou_pond_e, st_stairs_1, uniq_prince_ribbit1
D:7:      layout_loops_ring, serial_shops, nicolae_shop_statue_plus,
          nicolae_shop_window_shopping
D:8:      layout_cave_pools, nicolae_qazlal_general_emergency,
          tgw_kikubaaqudgha, minivault_19, minmay_shop_mass
D:9:      minmay_klotski, layout_basic, xom_shifter_show, vehumet_statue,
          uniq_maggie, uniq_erica, uniq_grum
D:10:     layout_long_grid, general_overflow_altar, minivault_16, minivault_7,
          uniq_erolcha
Temple:   jpeg_temple_island

Skill      XL: |  1  2  3  4  5  6  7  8  9 10 |
---------------+-------------------------------+-----
Spellcasting   | 3 4 5 6 7 9 10 | 10.9
Stealth        | 2 3 4 5 |  5.2
Dodging        | 3 4 |  4.3
Short Blades   | 1 |  1.7
Fighting       | 1 |  1.7

Action                   |  1- 3 |  4- 6 |  7- 9 | 10-12 || total
-------------------------+-------+-------+-------+-------++-------
Melee: Short sword       |       |     1 |     7 |     2 ||    10
 Cast: Foxfire           |    72 |   105 |   192 |       ||   369
       Sticky Flame      |       |     4 |    14 |     7 ||    25
       Fireball          |       |       |    17 |    58 ||    75
       Airstrike         |       |       |     2 |       ||     2
       Conjure Flame     |       |       |       |     2 ||     2
  Use: Scroll            |       |       |     3 |     4 ||     7
Armor: Robe              |       |     6 |     3 |       ||     9
Dodge: Dodged            |       |    14 |    34 |     7 ||    55

Table legend: (Time is in decaauts)
 A = Elapsed time spent in this place.
 B = Non-inter-level travel time spent in this place.
 C = Inter-level travel time spent in this place.
 D = Time resting spent in this place.
 E = Time spent auto-exploring this place.
 F = Levels seen in this place.
 G = Mean time per level.
                   A        B        C        D        E       F      G
               +--------+--------+--------+--------+--------+-----+--------+
         Total |  13006 |  12539 |    467 |   1282 |  10036 |  11 | 1182.4 |
       Dungeon |  12859 |  12425 |    434 |   1282 |   9927 |  10 | 1285.9 |
        Temple |    146 |    114 |     32 |      0 |    109 |   1 |  146.0 |
               +--------+--------+--------+--------+--------+-----+--------+

Top non-repeatable levels by time:
     D:2: 1921 daAuts
     D:1: 1673 daAuts
     D:5: 1630 daAuts
     D:4: 1507 daAuts
     D:6: 1399 daAuts
     D:7: 1265 daAuts
     D:3: 1176 daAuts
     D:8: 1139 daAuts
     D:9: 1085 daAuts
  Temple: 146 daAuts
    D:10: 58 daAuts
